 Dungeon Crawl Stone Soup version 0.27-a0-1342-ga99462a43c (webtiles) character file.

Game seed: 5932627059895535768

28965 Piqour the Brawler (level 13, -1/109 HPs)
             Began as a Vampire Fighter on June 26, 2021.
             Was an Elder of Wu Jian.
             Slain by an orc knight (6 damage)
             ... on level 1 of the Orcish Mines on June 27, 2021.
             The game lasted 01:26:15 (20491 turns).

Piqour the Brawler (Vampire Fighter)               Turns: 20491, Time: 01:26:15

Health: -1/109     AC: 17    Str: 19    XL:     13   Next: 12%
Magic:  0/22       EV:  6    Int: 16    God:    Wu Jian [****..]
Gold:   547        SH:  0    Dex: 20    Spells: 12/12 levels left

rFire    . . .     SeeInvis +     - Unarmed
rCold    . . .     Faith    .   b - +0 kite shield
rNeg     . . .     Spirit   +   H - +0 plate armour
rPois    .         Reflect  .   (no helmet)
rElec    .         Harm     .   M - +1 cloak
rCorr    .         Rampage  .   F - +1 pair of gloves of a treasure trove {Int+5 Dex+3}
Will     +....                  (no boots)
Stlth    ..........             y - amulet of Hawoiliz {Spirit Fly Dex+3 Slay+2}
HPRegen  0.48/turn              (no ring)
MPRegen  0.18/turn              G - ring of magical power

@: confused, ambrosia-drunk, flying, very slightly contaminated, healing
quickly, invisible
A: alive, fangs 3, see invisible, vampiric 2
a: Exsanguinate, Renounce Religion, Wall Jump, Serpent's Lash


You were on level 1 of the Orcish Mines.
You worshipped Wu Jian.
Wu Jian was greatly pleased with you.
You visited 5 branches of the dungeon, and saw 19 of its levels.
You also visited: Sewer.

You collected 1285 gold pieces.
You spent 738 gold pieces at shops.

Inventory:

Missiles
 m - 17 poisoned darts (quivered)
 n - 8 boomerangs
 q - a throwing net
 K - 8 javelins
 L - 4 curare-tipped darts
Armour
 b - a +0 kite shield (worn)
 g - the +4 ring mail of Lies {Int+4}
   (You found it on level 5 of the Dungeon)

   It affects your intelligence (+4).
 F - the +1 pair of gloves of a treasure trove (worn) {Int+5 Dex+3}
   (You acquired it on level 1 of the Dungeon)

   It affects your intelligence (+5).
   It affects your dexterity (+3).
 H - a +0 plate armour (worn)
 M - a +1 cloak (worn)
Jewellery
 a - an amulet of faith
 y - the amulet of Hawoiliz (around neck) {Spirit Fly Dex+3 Slay+2}
   (You acquired it on level 1 of the Dungeon)

   [amulet of guardian spirit]

   It causes incoming damage to be divided between your reserves of health and
   magic.
   It affects your dexterity (+3).
   It affects your accuracy and damage with ranged weapons and melee attacks
   (+2).
   It grants you flight.
 B - a ring of flight
 G - a ring of magical power (right hand)
Wands
 k - a wand of iceblast (15)
 l - a wand of flame (44)
 w - a wand of paralysis (29)
 A - a wand of acid (11)
 J - a wand of digging (2)
 S - a wand of polymorph (3)
Scrolls
 c - 2 scrolls of holy word
 d - 4 scrolls of enchant weapon
 h - 3 scrolls of blinking
 p - 6 scrolls of immolation
 s - a scroll of amnesia {unknown}
 u - 2 scrolls of vulnerability {unknown}
 v - 2 scrolls of noise {unknown}
 z - 2 scrolls of teleportation {unknown}
 D - a scroll of fear
 E - a scroll of silence {unknown}
 N - 3 scrolls of enchant armour
 Q - a scroll of identify
 R - a scroll of fog {unknown}
Potions
 e - a potion of lignification
 i - 3 potions of haste
 o - 6 potions of flight
 t - a potion of resistance
 x - a potion of brilliance
 I - a potion of attraction {unknown}
Miscellaneous
 O - a phial of floods


   Skills:
 * Level 12.8 Fighting
 - Level 7.2 Armour
 - Level 5.0 Dodging
 - Level 5.5 Shields
 - Level 15.0 Unarmed Combat


You had 12 spell levels left.
You didn't know any spells.
Your spell library contained the following spells:

 Spells                   Type           Power      Damage    Failure   Level
 Animate Skeleton         Necr           0%         N/A       100%        1
 Apportation              Tloc           0%         N/A       100%        1
 Corona                   Hex            0%         N/A       100%        1
 Freeze                   Ice            0%         1d3       100%        1
 Magic Dart               Conj           0%         1d3       100%        1
 Summon Small Mammal      Summ           0%         N/A       100%        1
 Blink                    Tloc           N/A        N/A       100%        2
 Call Imp                 Summ           0%         N/A       100%        2
 Searing Ray              Conj           0%         3d3       100%        2
 Slow                     Hex            0%         N/A       100%        2
 Confusing Touch          Hex            0%         N/A       100%        3
 Conjure Flame            Conj/Fire      0%         6-21      100%        3
 Dazzling Flash           Conj/Hex       0%         N/A       100%        3
 Frozen Ramparts          Ice            0%         1d2       100%        3
 Gell's Gravitas          Tloc           0%         N/A       100%        3
 Mephitic Cloud           Conj/Pois/Air  0%         N/A       100%        3
 Ozocubu's Armour         Ice            0%         N/A       100%        3
 Fulminant Prism          Conj/Hex       0%         3d6       100%        4
 Hailstorm                Conj/Ice       0%         3d3       100%        4
 Iskenderun's Mystic Bla  Conj/Tloc      0%         2d3       100%        4
 Petrify                  Tmut/Erth      0%         N/A       100%        4
 Bolt of Magma            Conj/Fire/Erth 0%         4d4       100%        5
 Iskenderun's Battlesphe  Conj           0%         2d6       100%        5
 Metabolic Englaciation   Hex/Ice        0%         N/A       100%        5
 Yara's Violent Unravell  Hex/Tmut       0%         3d3       100%        5
 Iron Shot                Conj/Erth      0%         9d1       100%        6
 Orb of Destruction       Conj           0%         N/A       100%        7
 Spellforged Servitor     Conj/Summ      0%         N/A       100%        7


Dungeon Overview and Level Annotations

Branches:
Dungeon (12/15)            Temple (1/1) D:5            Lair (3/6) D:8
  Snake (1/4) Lair:2          Orc (2/2) D:9             Elf (0/3) Orc:2
  Sewer (visited)
  Swamp: Lair:2-4    Shoals: Lair:2-4

Altars:
Ashenzari
Cheibriados
Dithmenos
Elyvilon
Fedhas
Gozag
Hepliaklqana
Kikubaaqudgha
Makhleb
Nemelex Xobeh
Okawaru
Qazlal
Ru
Sif Muna
Trog
Uskayaw
Vehumet
Wu Jian
Xom
Yredelemnul
Zin
The Shining One

Shops:
D:1 ?   D:2 [   D:9 (

Annotations:
D:9 exclusion: obsidian statue
Lair:3 Gastronok


Innate Abilities, Weirdness & Mutations

Your natural rate of healing is accelerated.
You have razor-sharp teeth.
You have supernaturally acute eyesight. (SInv)
You are afflicted with vampirism and can become a bat while bloodless.


Message History

You fade into invisibility!
The orc warrior no longer looks unusually strong.
You block the orc warrior's attack.
You are very lightly contaminated with residual magic.
You block the orc warrior's attack. You block the orc warrior's attack.
The orc warrior hits you with a +0 war axe!
* * * LOW HITPOINT WARNING * * *
You strike the helpless orc warrior from behind!
You pummel the orc warrior!!
You kill the orc warrior!
The Council accepts your kill.
You pummel the gnoll!!
You kill the gnoll!
The Council accepts your kill.
You punch the orc knight!
The orc knight is lightly wounded.
You hit the orc knight but do no damage.
The orc knight is lightly wounded.
The orc no longer looks unusually strong.
The orc knight hits you with a +0 long sword!
* * * LOW HITPOINT WARNING * * *
Okay, then.
As you read the scroll of fear, it crumbles to dust.
You assume a fearsome visage.
The orc looks frightened!
The gnoll looks frightened! x3; The orc knight looks frightened!
The orc warrior looks frightened!
The orc warrior no longer looks unusually strong.
The orc shouts!
The gnoll shouts! x2; The orc knight shouts!
The orc knight hits you but does no damage.
As you read the scroll of fear, it crumbles to dust.
You assume a fearsome visage.
The orc priest looks frightened!
The orc knight hits you with a +0 long sword!
* * * LOW HITPOINT WARNING * * *
Okay, then.
You are confused.
You feel invigorated.
The orc priest shouts!
The orc knight hits you with a +0 long sword!
You die...

###.....##.##...####.#...##.
##...........#.### ####.####
#......#.##.#...# ###
##.#....######.## ##....##
### ##..## ### #...# ##.#
##.## ### #... ### #@##
#####.# ##o## ##.#.... ##g##
##....... ##g## #..)oo..#
##g####.go##o.#
##o##gog###... ##o#..###...o
##...##...## ##.##...o#.


You could see an orc knight, an orc priest, 3 gnolls and an orc.

Vanquished Creatures
  2 hydras (Lair:1)
  Harold (Lair:1)
  Erolcha (Orc:1)
  7 two-headed ogres
  Urug (D:10)
  2 orc high priests
  An orc knight (D:9)
  2 manticores (D:11)
  2 orc sorcerers (Orc:2)
  An ugly thing (D:11)
  Maurice (D:11)
  5 cane toads
  Maggie (D:8)
  3 komodo dragons
  A polar bear (Lair:3)
  Grinder (D:6)
  2 trolls
  9 blink frogs
  2 wraiths (D:11)
  3 wyverns
  Eustachio (D:6)
  11 yaks
  3 basilisks
  A vampire mosquito (D:10)
  Grum (D:11)
  A steam dragon (D:9)
  Edmund (D:4)
  5 wargs
  12 water moccasins
  An acid dragon (D:11)
  Purgy (Sewer)
  A black bear (D:6)
  An ice beast (D:5)
  10 orc warriors
  2 necrophages
  9 ogres
  The ghost of philipeq the Skirmisher, an amateur DsFi (D:4)
  12 wolves
  9 centaurs
  4 kobold brigands
  10 bullfrogs
  3 gnoll sergeants
  4 scorpions
  A water moccasin zombie (D:6)
  A water moccasin skeleton (D:4)
  2 howler monkeys
  3 electric eels (Lair:1)
  3 centaur zombies
  11 orc priests
  A bullfrog skeleton (D:5)
  3 centaur skeletons
  A jelly (D:5)
  Crazy Yiuf (D:6)
  2 hounds
  An iguana (D:7)
  A scorpion zombie (D:5)
  9 orc wizards
  A killer bee zombie (D:7)
  2 hound skeletons
  A howler monkey zombie (D:8)
  21 gnolls
  2 howler monkey skeletons
  3 adders
  A shadow imp (D:6)
  4 worms
  3 dart slugs (D:2)
  30 orcs
  9 ball pythons
  12 endoplasms
  5 giant cockroaches
  3 goblins
  4 hobgoblins
  11 jackals
  15 kobolds
  10 quokkas
  11 bats
  A frilled lizard (D:2)
  3 rats
344 creatures vanquished.

Vanquished Creatures (others)
  An orc (D:9)
  11 fungi
  56 plants
68 creatures vanquished.

Grand Total: 412 creatures vanquished

Notes
Turn   | Place    | Note
-------+----------+-------------------------------------------
     0 | D:1      | Piqour the Vampire Fighter began the quest for the Orb.
     0 | D:1      | Reached XP level 1. HP: 17/17 MP: 1/1
   148 | D:1      | Reached skill level 3 in Unarmed Combat
   148 | D:1      | Reached XP level 2. HP: 23/23 MP: 2/2
   306 | D:1      | Found Jinuu's Magic Scroll Emporium.
   754 | D:2      | Gained mutation: You are afflicted with vampirism and can
                  | become a bat while bloodless. [Vampire growth]
   754 | D:2      | Reached XP level 3. HP: 18/28 MP: 3/3
   818 | D:2      | Reached skill level 4 in Unarmed Combat
  1435 | D:2      | Reached XP level 4. HP: 29/34 MP: 4/4
  1492 | D:2      | Reached skill level 5 in Unarmed Combat
  1825 | D:2      | Reached XP level 5. HP: 39/39 MP: 5/5
  1984 | D:2      | Found a faded altar of an unknown god.
  2251 | D:2      | Found Ebbawkui's Antique Armour Shop.
  2512 | D:3      | Found a glowing drain.
  2543 | Sewer    | Entered a sewer
  2553 | Sewer    | Reached skill level 6 in Unarmed Combat
  2580 | Sewer    | Noticed Purgy
  2592 | Sewer    | Killed Purgy
  2767 | D:3      | Reached skill level 7 in Unarmed Combat
  2767 | D:3      | Reached XP level 6. HP: 44/46 MP: 6/6
  3066 | D:3      | Found Jiepoal's Jewellery Shoppe.
  3333 | D:4      | Noticed Edmund
  3538 | D:4      | Found a runed translucent gate.
  3540 | D:4      | Noticed philipeq's ghost (amateur DsFi)
  3544 | D:4      | You fall into a shaft and drop 1 floor!
  3544 | D:5      | Entered Level 5 of the Dungeon
  3565 | D:5      | Identified the +4 ring mail of Lies {Int+4}
  3608 | D:5      | You fall into a shaft and drop 2 floors!
  3641 | D:7      | Reached skill level 1 in Dodging
  3807 | D:6      | Noticed an orc warrior
  3817 | D:6      | Noticed Grinder
  3824 | D:6      | Paralysed by Grinder for 3 turns
  3831 | D:6      | Paralysed by Grinder for 5 turns
  3842 | D:6      | Killed Grinder
  3843 | D:6      | Reached XP level 7. HP: 11/54 MP: 7/7
  4008 | D:5      | Found a staircase to the Ecumenical Temple.
  4018 | Temple   | Entered the Ecumenical Temple
  4081 | Temple   | Became a worshipper of the Wu Jian Council
  4269 | D:4      | Reached skill level 5 in Dodging
  4796 | D:4      | Reached skill level 8 in Unarmed Combat
  4913 | D:4      | Reached XP level 8. HP: 46/60 MP: 8/8
  4943 | D:4      | HP: 3/90 [Edmund (2)]
  4952 | D:4      | Killed Edmund
  5709 | D:4      | Found a runed translucent gate.
  5709 | D:4      | Found a runed translucent gate.
  5758 | D:4      | Found a broken altar of Ashenzari.
  6106 | D:5      | Reached skill level 9 in Unarmed Combat
  6465 | D:5      | Noticed a two-headed ogre
  7030 | D:5      | Reached skill level 10 in Unarmed Combat
  7087 | D:5      | Reached skill level 5 in Fighting
  7124 | D:5      | Reached * piety under Wu Jian
  7215 | D:5      | Reached XP level 9. HP: 56/69 MP: 9/9
  7232 | D:5      | Killed a two-headed ogre
  7345 | D:6      | Found a sparkling altar of Nemelex Xobeh.
  7345 | D:6      | Noticed Eustachio
  7353 | D:6      | Killed Eustachio
  7361 | D:6      | Reached skill level 5 in Shields
  8327 | D:6      | Found a runed translucent door.
  8328 | D:6      | Noticed Crazy Yiuf
  8337 | D:6      | Killed Crazy Yiuf
  8538 | D:7      | Reached skill level 11 in Unarmed Combat
  8803 | D:7      | Reached ** piety under Wu Jian
  9026 | D:7      | Found a faded altar of an unknown god.
  9034 | D:7      | Found a faded altar of an unknown god.
  9036 | D:7      | Found a radiant altar of Vehumet.
  9038 | D:7      | Found a shimmering altar of Xom.
  9505 | D:8      | Noticed Maggie
  9514 | D:8      | Killed Maggie
  9515 | D:8      | Reached XP level 10. HP: 76/79 MP: 10/10
  9678 | D:8      | Found an iron altar of Okawaru.
  9816 | D:8      | Reached skill level 12 in Unarmed Combat
 10195 | D:8      | Found a staircase to the Lair.
 10306 | D:8      | Found a shadowy altar of Dithmenos.
 10743 | D:9      | Found a staircase to the Orcish Mines.
 10765 | D:9      | Reached *** piety under Wu Jian
 11091 | D:9      | Noticed an obsidian statue
 11332 | D:9      | Found a snail-covered altar of Cheibriados.
 11583 | D:9      | Reached skill level 10 in Fighting
 11583 | D:9      | Found Ceycick's Antique Weapon Shoppe.
 11611 | D:9      | Noticed a two-headed ogre
 11617 | D:9      | Killed a two-headed ogre
 11617 | D:9      | Reached XP level 11. HP: 90/90 MP: 11/11
 12365 | D:10     | Entered Level 10 of the Dungeon
 12366 | D:10     | Noticed a two-headed ogre
 12374 | D:10     | Killed a two-headed ogre
 12376 | D:10     | Found a stormy altar of Qazlal.
 12580 | D:10     | Noticed a two-headed ogre
 12584 | D:10     | Killed a two-headed ogre
 12585 | D:10     | Reached skill level 13 in Unarmed Combat
 12594 | D:10     | Noticed a two-headed ogre
 12627 | D:10     | Killed a two-headed ogre
 12961 | D:10     | Noticed Urug
 12973 | D:10     | Killed Urug
 12974 | D:10     | Reached skill level 14 in Unarmed Combat
 13081 | D:11     | Noticed a two-headed ogre
 13093 | D:11     | Killed a two-headed ogre
 13369 | D:11     | Noticed a two-headed ogre
 13384 | D:11     | Killed a two-headed ogre
 13507 | D:11     | Noticed Maurice
 13594 | D:11     | Killed Maurice
 13595 | D:11     | Reached skill level 15 in Unarmed Combat
 13759 | D:11     | Noticed a white ugly thing
 14011 | D:4      | Killed philipeq's ghost
 14581 | D:11     | Killed a white ugly thing
 14910 | D:11     | Noticed Grum
 14932 | D:11     | Killed Grum
 15180 | D:12     | Noticed a deep elf pyromancer
 15181 | D:12     | Noticed a two-headed ogre
 15429 | D:1      | Bought a scroll of acquirement for 624 gold pieces
 15429 | D:1      | Bought a scroll of identify for 24 gold pieces
 15429 | D:1      | Bought a scroll of enchant armour for 90 gold pieces
 15436 | D:1      | Acquired the +1 pair of gloves of a treasure trove {Int+5
                  | Dex+3}
 15448 | D:1      | Acquired the amulet of Hawoiliz {Spirit Fly Dex+3 Slay+2}
 15709 | Orc:1    | Entered Level 1 of the Orcish Mines
 15709 | Orc:1    | Noticed Erolcha
 15710 | Orc:1    | Noticed an orc knight
 15714 | Orc:1    | Killed Erolcha
 15715 | Orc:1    | Reached XP level 12. HP: 98/98 MP: 12/12
 16475 | Orc:2    | Entered Level 2 of the Orcish Mines
 16478 | Orc:2    | Found a staircase to the Elven Halls.
 16577 | Orc:2    | Noticed an orc high priest
 16577 | Orc:2    | Noticed an orc high priest
 16577 | Orc:2    | Noticed an orc high priest
 16583 | Orc:2    | Killed an orc high priest
 16861 | Lair:1   | Entered Level 1 of the Lair of Beasts
 17073 | Lair:1   | Noticed a four-headed hydra
 17089 | Lair:1   | Killed a four-headed hydra
 17155 | Lair:1   | Noticed Harold
 17171 | Lair:1   | Killed Harold
 17221 | Lair:1   | Reached skill level 5 in Armour
 17731 | Lair:1   | Noticed a five-headed hydra
 17748 | Lair:1   | Killed a five-headed hydra
 17819 | Lair:1   | You are sucked into a shaft and drop 1 floor!
 17826 | Lair:2   | Found a staircase to the Snake Pit.
 19682 | Lair:3   | Reached **** piety under Wu Jian
 19854 | Lair:3   | Noticed Gastronok
 19868 | Lair:3   | Reached XP level 13. HP: 109/109 MP: 13/13
 20163 | Snake:1  | Entered Level 1 of the Snake Pit
 20404 | Orc:2    | Paralysed by an orc sorcerer for 3 turns
 20490 | Orc:1    | HP: 1/109 [orc knight (8)]
 20491 | Orc:1    | Slain by an orc knight

Illustrated notes

Levels and vault maps discovered:
D:1:      minmay_arrival_split_and_join, layout_basic, serial_shops, shop
D:2:      cheibrodos_old_hovel, layout_loops_corners, serial_shops,
          nicolae_shop_stone, hellmonk_ecumenical_altar_run_dry
D:3:      layout_loops_ring, portal_sewer_entry_f, serial_shops, shop_statue,
          minmay_liquid_box
D:4:      layout_layer_cave, kennysheep_little_box,
          gammafunk_ghost_nasty_kobolds, uniq_edmund
D:5:      layout_loops_ring, minmay_temple_entry_statues_pillars,
          minmay_divided_ellipse
D:6:      layout_loops_ring, nemelex_dance_club_becter, uniq_crazy_yiuf_cottage,
          uniq_grinder, uniq_eustachio
D:7:      layout_loops_corners, chequers_temple_overflow_minitemple
D:8:      layout_basic, lemuel_coloured_pillars_altar,
          okawaru_metal_pillars_1_2, erik_lair_orcish_takeover, uniq_maggie
D:9:      layout_loops_ring, kennysheep_mini,
          kennysheep_orc_monster_closet_entryway, serial_shops,
          nicolae_take_the_stairs, chequers_serial_rivers_large_a,
          minmay_statue_bubble
D:10:     minmay_spotlight, layout_layer_cave, nicolae_qazlal_scattered_showers,
          uniq_urug
D:11:     layout_rooms, serial_park_tiny_1, uniq_maurice, uniq_grum
D:12:     layout_basic, gauntlet_entry_generic, enter_bailey_3
Temple:   cyrus_circular_temple
Lair:1:   layout_chaotic_city, fungi_pond_lemuel, serial_bayou_lake_a,
          uniq_harold
Lair:2:   layout_cave_pods, dummy_snake_entry, chequers_serial_rivers_small_3,
          lemuel_fruit_fields
Lair:3:   layout_regular_city, enter_volcano_4, uniq_gastronok
Snake:1:  layout_gridlike, minmay_shop_grid_forest, nicolae_large_snake_swirl,
          uniq_aizul
Orc:1:    layout_caves, uniq_erolcha
Orc:2:    st_orc_elflike, layout_caves, basic_altar, serial_shops, shop,
          nicolae_specific_store, lightli_church_of_beogh

Skill      XL: |  1  2  3  4  5  6  7  8  9 10 11 12 |
---------------+-------------------------------------+-----
Unarmed Combat | 3 4 5 7 8 10 11 12 15 | 15.0
Fighting       | 4 6 7 10 12 | 12.8
Dodging        | 3 5 |  5.0
Shields        | 5 |  5.5
Armour         | 4 7 |  7.2

Action                   |  1- 3 |  4- 6 |  7- 9 | 10-12 | 13-15 || total
-------------------------+-------+-------+-------+-------+-------++-------
Melee: Unarmed           |   138 |   224 |   337 |   728 |    49 ||  1476
       Bite              |    17 |    19 |    35 |   103 |     4 ||   178
Throw: Throwing net      |       |     3 |       |       |       ||     3
       Boomerang         |       |       |    14 |     3 |       ||    17
       Dart              |       |       |     8 |    25 |     7 ||    40
Invok: Lunge             |       |       |    22 |    58 |     2 ||    82
       Whirlwind         |       |       |    17 |   142 |    20 ||   179
       Serpent's Lash    |       |       |       |     8 |     2 ||    10
 Abil: Wall Jump         |       |       |       |     4 |       ||     4
Evoke: Wand              |       |     5 |       |    16 |    11 ||    32
  Use: Potion            |       |     3 |     3 |     6 |     4 ||    16
       Scroll            |       |     3 |       |    10 |     5 ||    18
 Stab: Invisible         |       |       |       |       |     1 ||     1
Armor: Scale mail        |    42 |    98 |       |       |       ||   140
       Ring mail         |       |    40 |   113 |    36 |       ||   189
       Plate armour      |       |       |       |   217 |    19 ||   236
Dodge: Dodged            |    30 |    75 |   132 |   147 |    10 ||   394
Block: Kite shield       |    54 |   119 |   153 |   301 |    29 ||   656

Table legend: (Time is in decaauts)
 A = Elapsed time spent in this place.
 B = Non-inter-level travel time spent in this place.
 C = Inter-level travel time spent in this place.
 D = Time resting spent in this place.
 E = Time spent auto-exploring this place.
 F = Levels seen in this place.
 G = Mean time per level.
                   A        B        C        D        E       F      G
               +--------+--------+--------+--------+--------+-----+--------+
         Total |  20562 |  18772 |   1790 |   4311 |   9195 |  20 | 1028.1 |
       Dungeon |  16145 |  14535 |   1610 |   3192 |   7639 |  12 | 1345.4 |
        Temple |     76 |     76 |      0 |      0 |      0 |   1 |   76.0 |
          Lair |   3339 |   3178 |    161 |    791 |   1335 |   3 | 1113.0 |
     Snake Pit |      1 |      1 |      0 |      0 |      0 |   1 |    1.0 |
  Orcish Mines |    898 |    880 |     18 |    327 |    190 |   2 |  449.0 |
         Sewer |    100 |    100 |      0 |      0 |     31 |   1 |  100.0 |
               +--------+--------+--------+--------+--------+-----+--------+

Top non-repeatable levels by time:
     D:4: 2479 daAuts
     D:9: 2138 daAuts
     D:2: 1709 daAuts
     D:5: 1574 daAuts
  Lair:1: 1562 daAuts
     D:8: 1491 daAuts
    D:11: 1327 daAuts
     D:7: 1296 daAuts
     D:6: 1250 daAuts
  Lair:2: 1201 daAuts
     D:3: 1046 daAuts
     D:1: 943 daAuts
    D:10: 812 daAuts
   Orc:1: 740 daAuts
  Lair:3: 575 daAuts
